 Dungeon Crawl Stone Soup version 0.31.0-10-gcf4a605ca0 (webtiles) character file.

Game seed: 17489657646653087045

201 SnakkuSnakku7 the Trooper (level 5, -1/46 HPs)
             Began as a Ghoul Summoner on Jan 26, 2024.
             Slain by a hornet (12 damage)
             ... on level 6 of the Dungeon.
             The game lasted 00:01:46 (1511 turns).

SnakkuSnakku7 the Trooper (Ghoul Summoner)          Turns: 1511, Time: 00:01:46

Health: -1/46      AC: 10    Str: 14    XL:     5   Next: 79%
Magic:  7/7        EV:  7    Int: 14    God:
Gold:   126        SH:  0    Dex:  9    Spells: 6/7 levels left

rFire   . .          .
                       - Unarmed
rCold   + . .        (no shield)
rNeg    + + +        i - +0 chain mail
rPois   ∞            (no helmet)
rElec   .            e - +0 cloak
rCorr   .            (no gloves)
SInv    .            v - +0 pair of boots
Will    .....        (no amulet) Stlth
                     (no ring)
HPRegen 0.00/turn    (no ring)
MPRegen 0.10/turn

%: no passive effects
@: about to teleport, weak-willed, inhibited regen
A: claws 1, cold resistance 1, negative energy resistance 3, inhibited
regeneration, torment resistance 2, devour on kill
a: no special abilities


You were on level 6 of the Dungeon.
You visited 1 branch of the dungeon, and saw 4 of its levels.

You collected 126 gold pieces.

Inventory:

Hand Weapons
 d - a +0 short sword
Armour
 a - a +0 robe
 e - a +0 cloak (worn)
 i - a +0 chain mail (worn)
 v - a +0 pair of boots (worn)
Scrolls
 f - a scroll of revelation {unknown}
 j - a scroll of teleportation
 k - a scroll of vulnerability
 m - 2 scrolls of identify
 n - a scroll of amnesia {unknown}
 q - a scroll of enchant armour {unknown}
 r - a scroll of poison {unknown}
 t - a scroll of noise {unknown}
Potions
 b - a potion of magic
 c - 3 potions of enlightenment {unknown}
 g - a potion of invisibility {unknown}
 h - a potion of heal wounds {unknown}
 l - 2 potions of degeneration {unknown}
 o - a potion of haste
 p - a potion of attraction {unknown}
 s - a potion of might {unknown}
 u - a potion of brilliance {unknown}
 w - 2 potions of mutation {unknown}


   Skills:
 + Level 4.0 Fighting
 - Level 1.7 Dodging
 - Level 2.1 Stealth
 + Level 4.0 Unarmed Combat
 - Level 1.7 Spellcasting
 - Level 3.6 Summonings


You had 6 spell levels left.
You knew the following spells:

 Your Spells              Type           Power      Damage    Failure   Level
a - Summon Small Mammal   Summ           44%        N/A       73%         1

Your spell library contained the following spells:

 Spells                   Type           Power      Damage    Failure   Level
 Call Imp                 Summ           22%        N/A       86%         2
 Call Canine Familiar     Summ           11%        N/A       97%         3
 Ensorcelled Hibernation  Hex/Ice        2%         N/A       100%        2
 Dazzling Flash           Conj/Hex       2%         N/A       100%        3
 Mephitic Cloud           Conj/Alch/Air  1%         N/A       100%        3
 Passwall                 Erth           1%         N/A       100%        3
 Swiftness                Air            1%         N/A       100%        3
 Summon Blazeheart Golem  Fire/Summ      6%         N/A       100%        4
 Summon Lightning Spire   Summ/Air       6%         N/A       100%        4
 Curse of Agony           Necr           1%         N/A       100%        5
 Silence                  Hex/Air        0%         N/A       100%        5


Dungeon Overview and Level Annotations

Branches:
Dungeon (3/15)

Altars:
Nemelex Xobeh


Innate Abilities, Weirdness & Mutations

You are immune to poison.
You have sharp fingernails.
Your flesh is cold resistant. (rC+)
You are immune to negative energy. (rN+++)
You do not regenerate when monsters are visible.
You are immune to unholy pain and torment.
You thrive by killing the living.


Message History

The ufetubus hits you but does no damage. x2
The ufetubus closely misses you.
Unknown command.
As you read the scroll labelled CEGEGOCUIN, it crumbles to dust.
It is a scroll of identify.
o - a potion of haste The ufetubus hits you.
The ufetubus barely misses you.
The ufetubus hits you but does no damage.
The ufetubus closely misses you.
As you read the scroll labelled MEOCZI ZA FUA, it crumbles to dust.
A wave of despondency washes over your surroundings.
It was a scroll of vulnerability.
The hornet completely misses you.
The ufetubus hits you but does no damage. x2
Unknown command.
As you read the scroll labelled GOOSCH CEYTRUNA, it crumbles to dust.
You feel strangely unstable.
It was a scroll of teleportation.
The hornet stings you but does no damage.
The ufetubus closely misses you. The ufetubus barely misses you. x2
The ufetubus hits you. The hornet barely misses you.
Unknown command.
You barely miss the ufetubus.
The ufetubus is almost dead.
The hornet stings you.
The ufetubus hits you but does no damage.
The ufetubus closely misses you.
Unknown command.
You scratch the ufetubus but do no damage.
The ufetubus is almost dead.
The hornet stings you but does no damage.
The ufetubus hits you. x2
* * * LOW HITPOINT WARNING * * *
Unknown command.
You scratch the ufetubus.
The ufetubus is almost dead.
The ufetubus hits you but does no damage. x2
The hornet barely misses you. The ufetubus hits you.
* * * LOW HITPOINT WARNING * * *
The ufetubus hits you but does no damage.
The hornet stings you!
You die...

#............#
#..#.#####.#..####
#..#.......#.....
#..#.#...#.#.....
#..#.#._.#.#...##
#..#.#...#.#...#
#..#.......#...#
#..#.#####5#..#
##....5@y55...#
###########..# ..#
..# .#5 .... .. ..
.. ...


You could see a hornet (weak-willed) and 4 ufetubi.

Vanquished Creatures
  Sigmund (D:2)
  An adder (D:2)
  2 ribbon worms (D:2)
  An orc (D:3)
  4 endoplasms
  A giant cockroach (D:2)
  5 goblins
  3 hobgoblins
  4 kobolds
  3 quokkas (D:1)
  4 ball pythons
  2 bats
  3 frilled lizards (D:1)
  3 rats
37 creatures vanquished.

Notes
Turn   | Place    | Note
-------+----------+-------------------------------------------
     0 | D:1      | SnakkuSnakku7 the Ghoul Summoner began the quest for the
                  | Orb.
     0 | D:1      | Reached XP level 1. HP: 14/14 MP: 3/3
   101 | D:1      | Reached skill level 1 in Fighting
   101 | D:1      | Reached skill level 1 in Unarmed Combat
   101 | D:1      | Reached XP level 2. HP: 14/23 MP: 4/4
   270 | D:1      | HP: 1/24 [frilled lizard (2)]
   502 | D:2      | Reached XP level 3. HP: 29/29 MP: 5/5
   518 | D:2      | Noticed Sigmund
   797 | D:2      | Killed Sigmund
   798 | D:2      | Reached XP level 4. HP: 6/40 MP: 6/6
   798 | D:2      | Reached XP level 5. HP: 7/46 MP: 7/7
  1459 | D:3      | You fall into a shaft and drop 3 floors!
  1468 | D:6      | Found a sparkling altar of Nemelex Xobeh.
  1496 | D:6      | Noticed a hornet
  1511 | D:6      | Slain by a hornet

Illustrated notes

Levels and vault maps discovered:
D:1:      minmay_arrival_up_and_down, layout_rooms
D:2:      layout_basic, minmay_split_cup_large, uniq_sigmund
D:3:      layout_basic
D:6:      layout_cave_pods, mainiacjoe_overflow_cross_hatched,
          nicolae_qazlal_general_emergency, pf_just_have_faith,
          minmay_temple_entry_trees, uniq_grinder

Skill      XL: |  1  2  3  4  5 |
---------------+----------------+-----
Fighting       | 1 3 4 |  4.0
Unarmed Combat | 1 3 4 |  4.0
Dodging        | |  1.7
Stealth        | |  2.1
Spellcasting   | |  1.7
Summonings     | |  3.6

Action                     |  1- 3 |  4- 6 || total
---------------------------+-------+-------++-------
  Melee: Unarmed           |    79 |    50 ||   129
         Punch             |     2 |     1 ||     3
    Use: Scroll            |       |     3 ||     3
 Armour: Robe              |    25 |       ||    25
         Chain mail        |    19 |    71 ||    90
  Dodge: Dodged            |    34 |    39 ||    73
